 Dungeon Crawl Stone Soup version 0.20.1-1-g8b1a95d (webtiles) character file.

1725 letownia2 the Reanimator (level 8, -2/66 (69) HPs)
             Began as a Deep Dwarf Necromancer on Dec 17, 2017.
             Was an Initiate of Gozag.
             Slain by an eight-headed hydra (7 damage)
             ... on level 7 of the Dungeon.
             The game lasted 00:22:01 (7411 turns).

letownia2 the Reanimator (Deep Dwarf Necromancer)   Turns: 7411, Time: 00:22:02

HP:   -2/66 (69)    AC: 10    Str: 12    XL:     8   Next: 75%
MP:   11/14         EV: 11    Int: 18    God:    Gozag
Gold: 698           SH:  0    Dex: 13    Spells: 11/15 levels left

rFire    . . .     SeeInvis +   a - +0 flail (protect)
rCold    . . .     Gourm    .   (no shield)
rNeg     . . .     Faith    .   e - +1 swamp dragon scales
rPois    +         Spirit   .   (no helmet)
rElec    .         Reflect  .   (no cloak)
rCorr    .         Harm     .   (no gloves)
MR       +....                  P - +0 pair of boots
Stlth    +.........             (no amulet)
Regen    0.0/turn               G - ring of see invisible
MPRegen  0.2/turn               (no ring)

@: very slightly contaminated, non-regenerating
A: damage resistance, heal wounds, sense surroundings 1, no regeneration
a: Heal Wounds, Potion Petition, Call Merchant, Bribe Branch, Renounce Religion


You were on level 7 of the Dungeon.
You worshipped Gozag.
Gozag was pleased with you.
You were not hungry.

You visited 2 branches of the dungeon, and saw 8 of its levels.

You collected 867 gold pieces.
You paid 169 gold pieces to Gozag.

Inventory:

Hand Weapons
 a - a +0 flail of protection (weapon)
 l - a +2 dagger of protection
 p - a +0 whip
 q - a +0 hand axe
 w - a +0 shortbow
 D - a +0 quarterstaff
 J - a +0 war axe
 K - a +0 mace of protection
Missiles
 g - 16 bolts
 x - 119 arrows
 O - 2 javelins (quivered)
Armour
 d - a +0 scale mail of fire resistance
 e - +1 swamp dragon scales (worn)
 n - a +0 buckler
 C - a +1 scale mail of poison resistance
 P - a +0 pair of boots (worn)
Jewellery
 G - a ring of see invisible (left hand)
Wands
 s - a wand of confusion (35/48)
 H - a wand of flame (24/48)
 I - a wand of polymorph (14/24)
Scrolls
 f - a scroll of blinking
 i - 7 scrolls of identify
 j - 2 scrolls of fog {unknown}
 k - a scroll of recharging {unknown}
 m - 2 scrolls of enchant weapon {unknown}
 y - 6 scrolls of remove curse
 B - 2 scrolls of enchant armour
 F - a scroll of teleportation {unknown}
 M - 3 scrolls of fear {unknown}
 N - a scroll of magic mapping {unknown}
Potions
 h - 3 potions of curing {unknown}
 o - 3 potions of cancellation {unknown}
 r - 2 potions of brilliance
 t - a potion of mutation {unknown}
 A - 2 potions of degeneration {unknown}
 L - a potion of agility {unknown}
 Q - a potion of magic {unknown}
Books
 b - a book of Necromancy

   Spells                             Type                      Level
   a - Pain                           Necromancy                   1
   b - Animate Skeleton               Necromancy                   1
   c - Vampiric Draining              Necromancy                   3
   d - Regeneration                   Charms/Necromancy            3
   e - Animate Dead                   Necromancy                   4
   f - Control Undead                 Necromancy                   4
 z - a book of Misfortune

   Spells                             Type                      Level
   a - Confusing Touch                Hexes                        1
   b - Confuse                        Hexes                        3
   c - Gell's Gravitas                Translocation                3
   d - Petrify                        Transmutation/Earth          4
   e - Metabolic Englaciation         Hexes/Ice                    5
   f - Yara's Violent Unravelling     Hexes/Transmutation          5
Comestibles
 c - 3 bread rations
 u - 3 meat rations
 v - 9 fruits


   Skills:
 - Level 3.3 Fighting
 - Level 3.4 Armour
 - Level 2.1 Dodging
 - Level 2.4 Stealth
 + Level 4.3 Spellcasting
 - Level 10.0 Necromancy
 + Level 3.5 Evocations


You had 11 spell levels left.
You knew the following spells:

 Your Spells              Type           Power        Failure   Level  Hunger
a - Pain                  Necr           ####         1%          1    None
v - Vampiric Draining     Necr           #####.....   1%          3    ###....


Dungeon Overview and Level Annotations

Branches:
Dungeon (7/15)             Temple (1/1) D:7

Altars:
Ashenzari
Cheibriados
Dithmenos
Elyvilon
Fedhas
Gozag
Hepliaklqana
Kikubaaqudgha
Makhleb
Nemelex Xobeh
Okawaru
Qazlal
Ru
Sif Muna
Trog
Uskayaw
Vehumet
Xom
Yredelemnul
Zin
The Shining One

Shops:
D:5 =   D:6 :

Annotations:
D:3 HLEMET FLY
D:4 Eustachio; ceb's ghost, novice DsHu
D:6 Menkaure


Innate Abilities, Weirdness & Mutations

You are resistant to damage.
You can heal yourself by infusing magical energy.
You passively map a small area around you.
You do not regenerate.


Message History

You feel blessed for a moment.
It was a scroll of remove curse.
The eight-headed hydra bites you! The eight-headed hydra bites you.
The eight-headed hydra bites you but does no damage. x2
The eight-headed hydra bites you. x2
The eight-headed hydra completely misses you.
The eight-headed hydra bites you!
Unknown command.
As you read the scroll labeled AVIQUF INAA, it crumbles to dust.
It is a scroll of enchant armour.
Your +0 swamp dragon scales glow green for a moment.
The eight-headed hydra closely misses you.
The eight-headed hydra bites you but does no damage.
The eight-headed hydra bites you!
* * * LOW HITPOINT WARNING * * *
The eight-headed hydra bites you but does no damage.
The eight-headed hydra bites you!
* * * LOW HITPOINT WARNING * * *
The eight-headed hydra bites you!
You die...
Your body crumbles into a pile of gold.

#.......# #.......#.#.#.###.#
#.......# #.......##.#.#...#,
........# ########..##.#.#.>.#
#.......# ##.4#.4##..##.#.#...#,
#.......####D##.#*#.....#.#.###.#
...........##5K5###.##..#..# , #.
#.......##.##.##5##.# ...#. * .
#.......##.#$####D..# ....# *
##########.#. *#@##.#*#.....
##########.# , ##)### ...## *
.........#.######### * ..#
######.#.#.........# ,
#.............# #.#.###########
,, #.#.####### #.........#
####.#####.#


You could see an eight-headed hydra.

Vanquished Creatures
  Sigmund (D:6)
  3 sky beasts
  A necrophage (D:5)
  3 ogres
  2 centaurs
  A crocodile (D:7)
  2 bullfrogs
  A scorpion (D:6)
  A bullfrog zombie (D:5)
  2 orc priests
  A hound (D:3)
  3 orc wizards
  An iguana (D:5)
  3 worker ants
  A worker ant zombie (D:5)
  4 adders
  6 gnolls
  3 river rats (D:5)
  4 oozes
  2 adder skeletons
  A worm (D:2)
  A dart slug (D:3)
  3 leopard geckos
  20 orcs
  2 ball pythons (D:3)
  4 giant cockroaches
  7 hobgoblins
  16 jackals
  2 quokkas
  5 bats
  3 frilled lizards
  A goblin (D:2)
  6 kobolds
  A leopard gecko skeleton (D:5)
  A quokka skeleton (D:7)
  A quokka zombie (D:5)
  7 rats
126 creatures vanquished.

Notes
Turn   | Place    | Note
-------+----------+-------------------------------------------
     0 | D:1      | letownia2 the Deep Dwarf Necromancer began the quest for the Orb.
     0 | D:1      | Reached XP level 1. HP: 15/15 MP: 3/3
   230 | D:3      | Reached XP level 2. HP: 17/22 MP: 0/5
   392 | D:4      | Reached skill level 5 in Necromancy
   392 | D:4      | Reached XP level 3. HP: 21/28 MP: 0/6
   400 | D:4      | Learned a level 3 spell: Vampiric Draining
   567 | D:4      | Noticed Eustachio
   633 | D:4      | Noticed an ogre
   643 | D:4      | Noticed ceb's ghost (novice DsHu)
   779 | D:3      | Reached XP level 4. HP: 29/36 MP: 1/7
   978 | D:4      | Reached skill level 6 in Necromancy
  1131 | D:5      | Entered Level 5 of the Dungeon
  1170 | D:5      | Noticed a necrophage
  1242 | D:4      | Killed an ogre
  1242 | D:4      | Reached skill level 7 in Necromancy
  1242 | D:4      | Reached XP level 5. HP: 39/42 MP: 0/8
  1725 | D:5      | Noticed an ogre
  1731 | D:5      | Killed an ogre
  1733 | D:5      | Reached XP level 6. HP: 44/49 MP: 0/9
  2017 | D:5      | Noticed a sky beast
  2027 | D:5      | Killed a sky beast
  2251 | D:5      | Reached skill level 8 in Necromancy
  2261 | D:5      | Reached skill level 1 in Fighting
  2306 | D:5      | Reached XP level 7. HP: 33/58 MP: 0/11
  2633 | D:6      | Found Gafrez's Book Shop.
  2657 | D:6      | Noticed Menkaure
  2692 | D:6      | Found a glowing golden altar of the Shining One.
  2857 | D:6      | Noticed Sigmund
  2923 | D:6      | Killed Sigmund
  3046 | D:6      | Reached skill level 1 in Armour
  3046 | D:6      | Reached skill level 9 in Necromancy
  3442 | D:6      | Reached XP level 8. HP: 48/69 MP: 5/12
  4516 | D:6      | Reached skill level 10 in Necromancy
  4661 | D:7      | Found a staircase to the Ecumenical Temple.
  4668 | Temple   | Entered the Ecumenical Temple
  4704 | Temple   | Became a worshipper of Gozag Ym Sagoz the Greedy
  4795 | D:5      | Found Jyppaoss's Jewellery Boutique.
  5234 | D:3      | Reached skill level 1 in Evocations
  7390 | D:7      | Noticed a kobold demonologist
  7391 | D:7      | Noticed an eight-headed hydra
  7392 | D:7      | Noticed an ice devil
  7411 | D:7      | Slain by an eight-headed hydra

Skill      XL: |  1  2  3  4  5  6  7  8 |
---------------+-------------------------+-----
Spellcasting   | 2 3 4 |  4.3
Necromancy     | 5 7 8 9 10 | 10.0
Fighting       | 1 3 |  3.3
Armour         | 2 3 |  3.4
Evocations     | 3 |  3.5
Dodging        | |  2.1
Stealth        | |  2.4

Action                   |  1- 3 |  4- 6 |  7- 9 || total
-------------------------+-------+-------+-------++-------
Melee: Unarmed           |    12 |    16 |       ||    28
       Whip              |       |    54 |   101 ||   155
       Flail             |       |       |    27 ||    27
       Mace              |       |       |    23 ||    23
 Cast: Pain              |    25 |    47 |   122 ||   194
       Vampiric Draining |     2 |    10 |    47 ||    59
  Use: Scroll            |       |       |     5 ||     5
 Stab: Sleeping          |       |       |     1 ||     1
  Eat: Chunk             |       |     6 |    13 ||    19
       Royal jelly       |       |       |     5 ||     5
Armor: Swamp dragon scal |    17 |    45 |   131 ||   193
Dodge: Dodged            |    54 |    67 |   175 ||   296
